 Dungeon Sprint DCSS version 0.23-a0-650-ga4d50d4 (webtiles) character file.

0 Leeroy the Chiller (level 1, 13/13 HPs)
             Began as a Barachi Ice Elementalist on Jan 2, 2019.
             Got out of the dungeon alive.
             The game lasted 00:02:32 (22 turns).

Leeroy the Chiller (Barachi Ice Elementalist)         Turns: 22, Time: 00:02:33

Health: 13/13      AC:  2    Str:  9    XL:     1   Next: 0%
Magic:  3/3        EV: 12    Int: 15    God:
Gold:   0          SH:  0    Dex: 12    Spells: 3/4 levels left

rFire    . . .     SeeInvis .   j - +5 demon blade
rCold    . . .     Gourm    .   (no shield)
rNeg     . . .     Faith    .   a - +0 robe
rPois    .         Spirit   .   (no helmet)
rElec    .         Reflect  .   (no cloak)
rCorr    .         Harm     .   (no gloves)
MR       .....     NoTele   +   (no boots)
Stlth    ++........             (no amulet)
HPRegen  0.04/turn              (no ring)
MPRegen  0.08/turn              (no ring)

@: slow
A: +LOS, swims, slowness 1, strong legs 1
a: Hop


You escaped.
You were not hungry.

You visited 1 branch

Inventory:

Hand Weapons
 b - a +5 quick blade
 j - a +5 demon blade (weapon)
 k - a +5 triple sword
Armour
 a - a +0 robe (worn)
Scrolls
 i - a scroll of blinking
Potions
 d - a potion of curing
 e - a potion of heal wounds
 f - a potion of haste
 g - 2 potions of magic
 h - a potion of berserk rage
Comestibles
 c - a ration


   Skills:
 - Level 2.1 Dodging
 - Level 1.7 Stealth
 - Level 2.1 Spellcasting
   Level 1.1 Conjurations
 + Level 3.6 Ice Magic


You had 3 spell levels left.
You knew the following spells:

 Your Spells              Type           Power        Failure   Level  Hunger
a - Freeze                Ice            ##..         4%          1    #......

Your spell library contained the following spells:

 Spells                   Type           Power        Failure   Level  Hunger
 Throw Frost              Conj/Ice       #.....       13%         2    ###....
 Ozocubu's Armour         Chrm/Ice       #.......     30%         3    ###....
 Throw Icicle             Conj/Ice       #.......     63%         4    #####..
 Summon Ice Beast         Ice/Summ       #.......     71%         4    #####..


Dungeon Overview and Level Annotations

Branches:
Dungeon (1/1)

Altars:
Ashenzari
Cheibriados
Dithmenos
Elyvilon
Fedhas
Gozag
Hepliaklqana
Kikubaaqudgha
Makhleb
Nemelex Xobeh
Okawaru
Qazlal
Ru
Sif Muna
Trog
Uskayaw
Vehumet
Wu Jian
Xom
Yredelemnul
Zin
The Shining One
Beogh
Jiyva
Lugonu

Annotations:
D 1 transporter


Innate Abilities, Weirdness & Mutations

Shadows flee at your approach. (+LOS)
You can swim through water.
You cover ground slowly.
You can hop short distances.


Message History

Things that are here:
a +5 bardiche; a +5 demon trident
Things that are here:
a +5 executioner's axe; a +5 battleaxe; a +5 broad axe
Things that are here:
a +3 large shield; a +3 shield; a +3 buckler
Casting: Freeze (safe; 4% risk of failure)
Confirm with . or Enter, or press ? or * to list all spells.
Okay, then.
Okay, then.
Unknown command.
Unknown command.
Wield which item (- for none, * to show all)? (? for menu, Esc to quit)
j - a +5 demon blade (weapon)
Your movement speed is slow.
Your attack speed is quite slow.
Are you sure you want to abandon this character and quit the game? (Confirm
Okay, then.
There is a staircase leading out of the dungeon here.
Are you sure you want to leave the Dungeon?
This will make you lose the game!
You have escaped!

▓_............._
▓8.........))..8
▓_..))........._
▓8..)).........8
▓_..().....}..._
▓8...)..%..=...8
▓_......?..|..._
▓8...[..!../...8
▓_...[.@......._
▓8.............8
▓_............._
▓8_8_8_8_8_8_8_8
▓▓▓▓▓▓▓▓▓▓▓▓▓▓▓▓


There were no monsters in sight!

Vanquished Creatures (others)
  A spatial maelstrom (D)
1 creature vanquished.

Notes
Turn   | Place    | Note
-------+----------+-------------------------------------------
     0 | D        | Found the +6 Majin-Bo {vamp, Archmagi MP+6 Int+6}
     0 | D        | Found the +7 great mace "Firestarter" {inner flame, rF++}
     0 | D        | Leeroy the Barachi Ice Elementalist began the quest for the
                  | Orb.
     0 | D        | Reached XP level 1. HP: 13/13 MP: 3/3
     0 | D        | Found a transporter.
     0 | D        | Found a viscous altar of Jiyva.
     0 | D        | Found an ancient bone altar of Kikubaaqudgha.
     0 | D        | Found a hazy altar of Hepliaklqana.
     0 | D        | Found a corrupted altar of Lugonu.
     0 | D        | Found an opulent altar of Gozag.
     0 | D        | Found a burning altar of Makhleb.
     2 | D        | Banished a spatial maelstrom
    22 | D        | Got out of the dungeon alive.

Vault maps used:
D:        sprint_v

Table legend:
 A = Non-vault XP
 B = Vault XP
 C = Vault XP percentage of total XP
 D = Non-vault monster count
 E = Vault monster count
 F = Vault count percentage of total count
                 A         B        C        D         E       F
            +---------+---------+-------+---------+---------+-------
      Total |       0 |       0 |   N/A |       0 |       0 |  -nan
            +---------+---------+-------+---------+---------+-------
            +---------+---------+-------+---------+---------+-------
